 Dungeon Crawl Stone Soup version 0.32-a0-540-g866d13106e (webtiles) character file.

Game seed: 7692149061011518367

5 jasper the Changeling (level 1, 0/15 HPs)
             Began as a Merfolk Shapeshifter on Feb 27, 2024.
             Constricted to death by a ball python (2 damage)
             ... on level 1 of the Dungeon on Feb 28, 2024.
             The game lasted 00:01:09 (299 turns).

jasper the Changeling (Merfolk Shapeshifter)         Turns: 299, Time: 00:01:10

Health: 0/15       AC:  2    Str: 14    XL:     1   Next: 80%
Magic:  1/1        EV:  0    Int:  9    God:
Gold:   14         SH:  7    Dex: 13    Spells: 0/0 levels left

rFire   . .          .
                       - Unarmed
rCold   . . .        e - +0 kite shield
rNeg    . . .        a - +0 animal skin
rPois   .            (helmet currently unavailable)
rElec   .            (cloak currently unavailable)
rCorr   .            (gloves currently unavailable)
SInv    .            (boots currently unavailable)
Will    .....        (no amulet)
Stlth   +            (no ring)
HPRegen 0.22/turn    (no ring)
MPRegen 0.07/turn

%: no passive effects
@: beast-form, constricted
A: beast (slay +2), (nimble swimmer 2), mertail
a: Begin Untransformation


You were on level 1 of the Dungeon.
You were a hulking beast.
You visited 1 branch of the dungeon, and saw 1 of its levels.

You collected 14 gold pieces.

Inventory:

Missiles
 g - 5 javelins (quivered)
 j - 9 stones
Armour
 a - a +0 animal skin (worn)
 e - a +0 kite shield (worn)
Magical Staves
 h - a staff of air
Talismans
 c - a beast talisman (active)
 d - a flux talisman
Scrolls
 f - a scroll of blinking {unknown}
 i - a scroll of identify {unknown}
Potions
 b - 2 potions of lignification


   Skills:
 - Level 1.1 Fighting
 - Level 2.6 Dodging
 * Level 3.7 Unarmed Combat
 - Level 4.0 Shapeshifting


You couldn't memorise any spells.
You didn't know any spells.
Your spell library was empty.

Dungeon Overview and Level Annotations

Branches:
Dungeon (1/15)

Altars:


Innate Abilities, Weirdness & Mutations

You are a hulking beast.
Your limbs bulge with bestial killing power. (Slay +2)
((You are very nimble when in or above water. (Stealth+, EV+, Speed+++)))
Your lower body shifts to a powerful aquatic tail in water.


Message History

You hit the hobgoblin.
The hobgoblin is almost dead.
You block the hobgoblin's attack.
You punch the hobgoblin!
You kill the hobgoblin!
You see here 3 stones.
j - 3 stones
j - 9 stones (gained 6)
A ball python comes into view.
A ball python is nearby!
The ball python hisses angrily.
You block the ball python's attack. The ball python misses you.
You barely miss the ball python. The ball python bites you.
The ball python barely misses you.
You take 2 damage, and have 13/15 hp.
You hit the ball python.
The ball python is moderately wounded.
The ball python barely misses you. x2
You closely miss the ball python.
The ball python is moderately wounded.
You block the ball python's attack. The ball python grabs you.
The ball python constricts you. The ball python bites you.
The ball python constricts you.
You take 5 damage, and have 8/15 hp.
MASSIVE DAMAGE!!
You hit the ball python.
The ball python is severely wounded.
The ball python bites you. The ball python constricts you.
* * * LOW HITPOINT WARNING * * *
You take 4 damage, and have 4/15 hp.
MASSIVE DAMAGE!!
You closely miss the ball python.
The ball python is severely wounded.
The ball python bites you.
* * * LOW HITPOINT WARNING * * *
The ball python constricts you.
* * * LOW HITPOINT WARNING * * *
You take 2 damage, and have 2/15 hp.
You barely miss the ball python.
The ball python is severely wounded.
You block the ball python's attack. The ball python constricts you.
You die...

#♣♣♣ ## ###### .#
##.#[..###### . #.##..
#........#### ####.#..
#............ #.....S#
##.......#### ##.#h#
#.....).#### #..#.#
#..†........ #.#..#
#.......##.. ###...###
##..........#
#.......###........####
##......................
#........###############
#........#
########.###...## ##


You could see a ball python.

Vanquished Creatures
  A giant cockroach (D:1)
  A goblin (D:1)
  A hobgoblin (D:1)
  2 rats (D:1)
5 creatures vanquished.

Notes
Turn   | Place    | Note
-------+----------+-------------------------------------------
     0 | D:1      | jasper the Merfolk Shapeshifter began the quest for the
                  | Orb.
     0 | D:1      | Reached XP level 1. HP: 15/15 MP: 1/1
     7 | D:1      | Upgraded the game from 0.32-a0-520-g344ed53f66 to
                  | 0.32-a0-540-g866d13106e
   299 | D:1      | Constricted to death by a ball python

Illustrated notes

Levels and vault maps discovered:
D:1:      roderic_dead_forest, layout_rooms

Action                     || total
---------------------------++-------
  Melee: Unarmed           ||    18
 Armour: Animal skin       ||    13
  Dodge: Dodged            ||     7
  Block: Kite shield       ||     9

Table legend: (Time is in decaauts)
 A = Elapsed time spent in this place.
 B = Non-inter-level travel time spent in this place.
 C = Inter-level travel time spent in this place.
 D = Time resting spent in this place.
 E = Time spent auto-exploring this place.
 F = Levels seen in this place.
 G = Mean time per level.
                   A        B        C        D        E       F      G
               +--------+--------+--------+--------+--------+-----+--------+
         Total |    301 |    301 |      0 |      0 |    222 |   1 |  301.0 |
       Dungeon |    301 |    301 |      0 |      0 |    222 |   1 |  301.0 |
               +--------+--------+--------+--------+--------+-----+--------+

Top non-repeatable levels by time:
     D:1: 301 daAuts
